 Dungeon Crawl Stone Soup version 0.17-a0-1718-g72dbe4d (webtiles) character file.

80 kae the Slasher (level 4, -2/39 HPs)
             Began as a Minotaur Fighter on Aug 24, 2015.
             Was an Initiate of Qazlal.
             Slain by George's ghost (8 damage)
             ... on level 3 of the Dungeon.
             The game lasted 00:01:40 (1774 turns).

kae the Slasher (Minotaur Fighter)                  Turns: 1774, Time: 00:01:41

Health: -2/39      AC:  6    Str: 25    XL:     4   Next: 18%
Magic:  3/3        EV: 10    Int:  6    God:    Qazlal [......]
Gold:   107        SH:  9    Dex: 10    Spells: 0 memorised, 3 levels left

rFire  . . .     SeeInvis .     a - +0 long sword
rCold  . . .     Clarity  .     b - +0 scale mail
rNeg   . . .     SustAt   .     c - +0 shield
rPois  .         Gourm    .     (helmet restricted)
rElec  .         Spirit   .     (no cloak)
rCorr  .         Warding  .     (no gloves)
rMut   .         Stasis   .     (no boots)
MR     +....                    j - amulet of rage
Stlth  ..........               p - ring of protection from magic
                                m - +3 ring of evasion

@: mighty, somewhat resistant to hostile enchantments, extremely unstealthy
A: retaliatory headbutt, horns 2
a: Renounce Religion, Evoke Berserk Rage


You were on level 3 of the Dungeon.
You worshipped Qazlal.
Qazlal was noncommittal.
You were hungry.

You visited 1 branch of the dungeon, and saw 3 of its levels.

You collected 107 gold pieces.

Inventory:

Hand weapons
 a - a +0 long sword (weapon)
Armour
 b - a +0 scale mail (worn)
 c - a +0 shield (worn)
Jewellery
 j - an amulet of rage (around neck)
 m - a +3 ring of evasion (left hand)
 p - a ring of protection from magic (right hand)
Scrolls
 f - 8 scrolls of remove curse {unknown}
 g - 2 scrolls of enchant armour {unknown}
 h - 2 scrolls of random uselessness {unknown}
 l - 3 scrolls of teleportation {unknown}
 n - 2 scrolls of recharging {unknown}
 o - 5 scrolls of identify {unknown}
Potions
 i - 2 potions of resistance {unknown}
 k - a potion of haste {unknown}
 q - a potion of ambrosia {unknown}
 r - a potion of flight {unknown}
Comestibles
 e - a bread ration
 s - 2 fruits


   Skills:
 - Level 3.6 Fighting
 + Level 5.4 Long Blades
 - Level 3.6 Armour
 - Level 3.6 Shields


You had 3 spell levels left.
You didn't know any spells.

Dungeon Overview and Level Annotations

Branches:
Dungeon (3/15)

Altars:
Qazlal
Ru

Annotations:
D:3 George's ghost, average MiGl


Innate Abilities, Weirdness & Mutations

You reflexively headbutt those who attack you in melee.
You have a pair of horns on your head.


Message History

You are too injured to fight recklessly!
You are too injured to fight recklessly!
You barely miss George's ghost.
George's ghost is severely damaged.
You block the rat's attack. George's ghost closely misses you.
You furiously retaliate!
You headbutt George's ghost. The rat closely misses you.
Your shield and scale mail prevent you from hitting George's ghost.
George's ghost is almost destroyed.
George's ghost hits you.
* * * LOW HITPOINT WARNING * * *
The rat bites you but does no damage.
You slash the rat!
You kill the rat!
Qazlal accepts your kill.
You hit George's ghost but do no damage.
George's ghost is almost destroyed.
George's ghost makes a sound of rattling chains.
You block George's ghost's attack. George's ghost hits you!
You die...

#.##...# #...................#
#.#....###....................
#.............................
#.####.#..##..#####(..........
#......#..........'.<.........
######.#.###..#####.(........#
##'#......# #.).(......#
#.......#W# #..........#
#.......#@# ############
#.......#.# #........ #.[.....#.#
#.####### ########.......#.# #.#
#.... #..............#.#
#.###.###
#.########.#...#.########........
#.# #.....#.##........†..###
#.###### ##....#.##..............
.......# #....#.##...........###


You could see George's ghost.

Vanquished Creatures
  An adder (D:2)
  An ooze (D:1)
  A worm (D:3)
  A giant gecko (D:1)
  3 giant cockroaches (D:1)
  9 goblins
  12 hobgoblins
  5 jackals
  A quokka (D:3)
  8 bats
  4 giant newts
  6 kobolds
  9 rats
61 creatures vanquished.

Notes
Turn   | Place    | Note
--------------------------------------------------------------
     0 | D:1      | kae the Minotaur Fighter began the quest for the Orb.
     0 | D:1      | Reached XP level 1. HP: 19/19 MP: 0/0
   104 | D:1      | Reached XP level 2. HP: 26/26 MP: 1/1
   216 | D:1      | Reached skill level 4 in Long Blades
   403 | D:1      | Reached XP level 3. HP: 26/31 MP: 2/2
   793 | D:2      | Found a stormy altar of Qazlal.
   814 | D:2      | Became a worshipper of Qazlal Stormbringer
   905 | D:2      | Reached skill level 5 in Long Blades
  1251 | D:3      | Reached XP level 4. HP: 33/39 MP: 3/3
  1689 | D:3      | Found a sacrificial altar of Ru.
  1759 | D:3      | Noticed George's ghost (average MiGl)
  1774 | D:3      | Slain by George's ghost

Vault maps used:
D:1:      erik_arrival_blinker_ship, serial_park_tiny_pond,
          minmay_misc_feat_secret_circle, st_stairs_10
D:2:      grunt_qazlal_sundering
D:3:      nicolae_ru_sacrificial_ziggurat

Action                   |  1- 3 |  4- 6 || total
-------------------------+-------+-------++-------
Melee: Long sword        |   112 |    33 ||   145
  Use: Potion            |       |     1 ||     1
  Eat: Chunk             |     1 |     1 ||     2
